cohdb
Replays
Latest Replays
All Replays
Popular Replays
Top Player Replays
Match Explorer
How It Works
Community
CoH3 Stats
Reddit
Sign in to upload your games and track your stats! →
Sign in with Steam
Match 42872806
Unlisted
Match 42872806
Overview
Messages
Build Orders
End
Royal Engineer Section
Construct Section Command Post
Dingo Light Scout Car
Infantry Section
Infantry Section
Grenade Package
Selects Canadian Shock Battlegroup
Selects Incendiary Munitions
Construct Platoon Command Post
6-pounder Anti-tank Gun Team
Selects Attacking Spirit
Selects Canadian Shock Section
Canadian Shock Section
CMP 15cwt Truck
DeadPhoenix
Ojy
Zleg
453018251
Mee Mee Cute
BearableBear
39dapa
CptDelaney
0
0
Comments
sign in to comment!
No comments posted yet!